 Dungeon Crawl Stone Soup version 0.20.1-1-g8b1a95d (webtiles) character file.

72895 kae the Spear-Bearer (level 15, 0/98 HPs)
             Began as a Gargoyle Fighter on Sept 17, 2017.
             Was a High Priest of Makhleb.
             Slain by an orc warrior
             ... wielding a +1 hand axe of chopping
             ... led by an orc warlord
              (12 damage)
             ... on level 1 of the Orcish Mines.
             The game lasted 00:31:27 (21679 turns).

kae the Spear-Bearer (Gargoyle Fighter)            Turns: 21679, Time: 00:31:28

Health: 0/98       AC: 32    Str: 25    XL:     15   Next: 41%
Magic:  0/24       EV: 13    Int: 10    God:    Makhleb [*****.]
Gold:   1883       SH:  0    Dex:  9    Spells: 14/14 levels left

rFire    . . .     SeeInvis .   b - +7 glaive (venom)
rCold    . . .     Gourm    +   (shield currently unavailable)
rNeg     + . .     Faith    .   N - +0 plate armour
rPois    ∞         Spirit   +   z - +0 helmet
rElec    +         Reflect  .   T - scarf {Spirit}
rCorr    .         Harm     .   A - +0 pair of gloves
MR       ++...                  y - +1 pair of boots {Fly}
Stlth    ..........             M - amulet of the gourmand
Regen    0.3/turn               r - +3 ring of evasion
MPRegen  0.2/turn               S - ring of protection from magic

@: flying
A: big wings, negative energy resistance 1, electricity resistance, unbreathing,
petrification resistance, rot immunity, AC +11
a: Stop Flying, Minor Destruction, Lesser Servant of Makhleb, Major Destruction,
Greater Servant of Makhleb, Renounce Religion


You were on level 1 of the Orcish Mines.
You worshipped Makhleb.
Makhleb was extremely pleased with you.
You were completely stuffed.

You visited 4 branches of the dungeon, and saw 19 of its levels.
You also visited: Bailey.

You collected 1937 gold pieces.
You spent 54 gold pieces at shops.

Inventory:

Hand Weapons
 a - a +7 trident of venom
 b - a +7 glaive of venom (weapon)
 P - a +1 halberd
Missiles
 c - a throwing net (quivered)
Armour
 y - a +1 pair of boots of flying (worn)
 z - a +0 helmet (worn)
 A - a +0 pair of gloves (worn)
 N - a +0 plate armour (worn)
 T - a scarf of spirit shield (worn)
Jewellery
 r - a +3 ring of evasion (left hand)
 v - an uncursed ring of resist corrosion
 H - a cursed amulet of faith
 M - an amulet of the gourmand (around neck)
 S - a ring of protection from magic (right hand)
Wands
 t - a wand of random effects (25/48)
 E - a wand of lightning (8/15)
 J - a wand of enslavement (15/24)
 L - a wand of digging (9/24)
 W - a wand of paralysis (8/24)
Scrolls
 g - 7 scrolls of identify
 i - 3 scrolls of enchant weapon
 n - 13 scrolls of remove curse
 q - 4 scrolls of torment
 w - 6 scrolls of enchant armour
 F - 2 scrolls of recharging
 K - 5 scrolls of magic mapping
 Q - a scroll of teleportation
 V - 2 scrolls of vulnerability
Potions
 d - 5 potions of brilliance
 e - 2 potions of might
 l - 3 potions of invisibility
 m - 6 potions of curing
 s - 3 potions of mutation
 u - 2 potions of cancellation
 C - 2 potions of heal wounds
 D - 2 potions of agility
 G - a potion of resistance
 I - 2 potions of haste
 R - a potion of ambrosia
Books
 p - a book of Clouds

   Spells                             Type                      Level
   a - Poisonous Vapours              Poison/Air                   2
   b - Mephitic Cloud                 Conjuration/Poison/Air       3
   c - Conjure Flame                  Conjuration/Fire             3
   d - Freezing Cloud                 Conjuration/Ice/Air          6
   e - Ring of Flames                 Charms/Fire                  7
 x - Nexaomm's Tome of Changing and Toxins
   (You found it in a bailey)

   Spells                             Type                      Level
   a - Beastly Appendage              Transmutation                1
   b - Spider Form                    Transmutation/Poison         3
   c - Irradiate                      Conjuration/Transmutation    5
   d - Blade Hands                    Transmutation                5
   e - Hydra Form                     Transmutation                6
 X - a book of Frost

   Spells                             Type                      Level
   a - Freeze                         Ice                          1
   b - Throw Frost                    Conjuration/Ice              2
   c - Ozocubu's Armour               Charms/Ice                   3
   d - Throw Icicle                   Conjuration/Ice              4
   e - Summon Ice Beast               Ice/Summoning                4
 Z - a book of Necromancy

   Spells                             Type                      Level
   a - Pain                           Necromancy                   1
   b - Animate Skeleton               Necromancy                   1
   c - Vampiric Draining              Necromancy                   3
   d - Regeneration                   Charms/Necromancy            3
   e - Animate Dead                   Necromancy                   4
   f - Control Undead                 Necromancy                   4
Comestibles
 f - 9 bread rations
 h - 4 chunks of flesh
 j - 17 royal jellies
 k - 9 meat rations
 B - 29 fruits


   Skills:
 + Level 13.1 Fighting
 * Level 14.9 Polearms
 + Level 13.0 Armour
 + Level 5.6 Dodging
   Level 3.2 Shields
 + Level 12.3 Invocations


You had 14 spell levels left.
You didn't know any spells.

Dungeon Overview and Level Annotations

Branches:
Dungeon (11/15)            Temple (1/1) D:4            Lair (6/6) D:8
 Shoals (0/4) Lair:3        Snake (0/4) Lair:2        Slime (0/5) Lair:5
    Orc (1/2) D:9

Altars:
Ashenzari
Cheibriados
Dithmenos
Elyvilon
Fedhas
Gozag
Hepliaklqana
Kikubaaqudgha
Makhleb
Nemelex Xobeh
Okawaru
Qazlal
Ru
Sif Muna
Trog
Uskayaw
Vehumet
Xom
Yredelemnul
Zin
The Shining One
Beogh

Shops:
D:8 [}}}   D:11 [

Annotations:
D:2 1 runed door


Innate Abilities, Weirdness & Mutations

You are resistant to torment.
Your stone body is resilient. (AC +11)
You are immune to poison.
Your large and strong wings let you fly indefinitely.
You resist negative energy. (rN+)
You are resistant to electric shocks. (rElec)
You can survive without breathing.
You are immune to petrification.
You are immune to rotting.


Message History

You slash the orc warlord!
The orc warlord is lightly wounded.
The orc warlord hits you but does no damage.
The orc warrior hits you from afar with an enchanted trident!
The orc warrior hits you with a battleaxe of electrocution!
The orc warrior closely misses you.
You hit the orc warrior.
The orc warrior looks as sick as possible!
The orc warrior is heavily wounded.
The orc warrior closely misses you.
The orc warlord hits you with an enchanted long sword!
The orc warrior misses you.
You barely miss the orc warrior.
The orc warrior is heavily wounded.
The orc warrior hits you from afar with a glaive!
* * * LOW HITPOINT WARNING * * *
The orc warrior hits you with a battleaxe of electrocution.
* * * LOW HITPOINT WARNING * * *
The orc warrior hits you with a hand axe of chopping!
You die...

............$.
##....................
#.........#...........
###....................
##.#....................
..................>.....
...............)oo......
.......#..#$...oo.......
...............o@.......
##.............o........
####............(.......
.#)...........#)........
..).......#..#.)........
.#)......#..###)(.......
###.....#....##.#.......
##.....#....##...#.....#
##........## #.####.###


You could see an orc warlord and 5 orc warriors.

Vanquished Creatures
  The ghost of kaze the Cleaver, a journeyman MiFi of Nemelex Xobeh (Lair:3)
  An ettin (Orc:1)
  Josephine (D:10)
  Fannar (D:11)
  Erolcha (D:10)
  5 hydras
  Erica (D:11)
  8 death yaks (Lair:6)
  6 two-headed ogres
  A swamp dragon (Lair:6)
  2 lindwurms (Lair:6)
  An orc knight (Bailey)
  3 ugly things (D:11)
  13 cyclopes (Orc:1)
  A wolf spider (Lair:5)
  A centaur zombie (D:10)
  8 elephants
  16 spiny frogs
  8 black mambas
  A gargoyle (D:8)
  2 torpor snails (Lair:6)
  5 rime drakes
  8 komodo dragons
  A polar bear (D:10)
  4 trolls
  Grinder (D:4)
  16 hippogriffs
  A snapping turtle (Lair:3)
  12 blink frogs
  4 hornets
  2 dream sheep (Lair:6)
  7 wyverns (Lair:4)
  3 wraiths (D:10)
  12 basilisks
  46 yaks
  3 steam dragons (Lair:6)
  2 wargs (Orc:1)
  9 water moccasins
  2 nagas (Lair:2)
  2 soldier ants (D:8)
  Duvessa (D:6)
  12 porcupines
  An ice beast (D:8)
  A swamp drake (Lair:6)
  3 black bears
  20 orc warriors
  An eye of draining (D:10)
  A necrophage (D:11)
  8 ogres
  2 phantoms
  A sky beast (D:8)
  17 wolves
  6 centaurs
  A big kobold (D:11)
  12 crocodiles
  13 bullfrogs
  A gnoll sergeant (D:9)
  Dowan (D:6)
  4 scorpions
  10 killer bees
  5 wights (D:10)
  3 howler monkeys
  2 electric eels (Lair:3)
  4 crimson imps
  A bullfrog zombie (D:9)
  A quasit (D:9)
  6 jellies
  A wyvern simulacrum (D:10)
  2 bullfrog skeletons
  9 orc priests
  4 hounds
  2 centaur skeletons (D:9)
  Natasha (thrice) (D:2)
  6 iguanas
  14 orc wizards
  9 worker ants
  A hound zombie (D:6)
  2 hound skeletons
  16 gnolls
  19 adders
  A howler monkey skeleton (D:11)
  A white imp (D:10)
  An ooze (D:5)
  An adder zombie (D:9)
  An adder skeleton (D:6)
  2 worms
  A dart slug (D:2)
  6 leopard geckos
  58 orcs
  3 ball pythons
  3 giant cockroaches
  12 goblins
  9 hobgoblins
  11 jackals
  8 quokkas
  5 bats
  4 frilled lizards
  28 kobolds
  A leopard gecko zombie (D:6)
  9 rats
613 creatures vanquished.

Vanquished Creatures (collateral kills)
  A fire dragon (Lair:6)
  Harold (Lair:1)
  3 hydras
  A lindwurm (Lair:6)
  A cyclops (D:11)
  A black mamba (Lair:2)
  A spiny frog (Lair:6)
  2 rime drakes
  A komodo dragon (Lair:2)
  3 hippogriffs
  2 wyverns
  2 basilisks (Lair:6)
  An acid dragon (Lair:6)
  A water moccasin (Lair:6)
  A swamp drake (Lair:6)
  An iguana (Lair:6)
  A worker ant zombie (D:11)
  An orc (Orc:1)
  3 plants (Lair:6)
28 creatures vanquished.

Vanquished Creatures (others)
  A bush (Lair:6)
  14 fungi
  9 plants
24 creatures vanquished.

Grand Total: 665 creatures vanquished

Notes
Turn   | Place    | Note
-------+----------+-------------------------------------------
     0 | D:1      | kae the Gargoyle Fighter began the quest for the Orb.
     0 | D:1      | Reached XP level 1. HP: 14/14 MP: 1/1
   117 | D:1      | Reached skill level 2 in Polearms
   123 | D:1      | Reached XP level 2. HP: 18/19 MP: 2/2
   548 | D:1      | Reached XP level 3. HP: 23/23 MP: 3/3
  1173 | D:2      | Noticed Natasha
  1183 | D:2      | Killed Natasha
  1183 | D:2      | Reached XP level 4. HP: 11/29 MP: 4/4
  1285 | D:2      | Noticed Natasha
  1311 | D:2      | Killed Natasha
  1311 | D:2      | Reached skill level 3 in Polearms
  1321 | D:2      | Found a runed door.
  1659 | D:2      | Found a sacrificial altar of Ru.
  1877 | D:2      | Noticed Natasha
  1896 | D:2      | Killed Natasha
  1896 | D:2      | Reached XP level 5. HP: 23/33 MP: 5/5
  2633 | D:3      | Reached XP level 6. HP: 14/39 MP: 6/6
  3012 | D:3      | Reached skill level 4 in Polearms
  3624 | D:4      | Reached skill level 5 in Armour
  3729 | D:4      | Reached skill level 5 in Fighting
  3729 | D:4      | Reached XP level 7. HP: 41/44 MP: 7/7
  3984 | D:4      | Found a staircase to the Ecumenical Temple.
  4025 | D:4      | Noticed Grinder
  4030 | D:4      | Paralysed by Grinder for 7 turns
  4042 | D:4      | Killed Grinder
  4042 | D:4      | Reached skill level 5 in Polearms
  4085 | Temple   | Entered the Ecumenical Temple
  4211 | Temple   | Became a worshipper of Makhleb the Destroyer
  4267 | D:4      | Found a glowing silver altar of Zin.
  4268 | D:4      | Found an opulent altar of Gozag.
  4528 | D:4      | Reached skill level 1 in Invocations
  4671 | D:5      | Entered Level 5 of the Dungeon
  4674 | D:5      | Reached XP level 8. HP: 51/51 MP: 8/8
  5014 | D:5      | Reached skill level 6 in Polearms
  5217 | D:5      | Found an iron altar of Okawaru.
  5656 | D:5      | Reached * piety under Makhleb
  5766 | D:6      | Noticed Duvessa
  5768 | D:6      | Noticed Dowan
  6476 | D:6      | Killed Duvessa
  6640 | D:6      | Killed Dowan
  6678 | D:6      | Found an ancient bone altar of Kikubaaqudgha.
  6842 | D:6      | Reached skill level 7 in Polearms
  6842 | D:6      | Reached XP level 9. HP: 38/56 MP: 11/11
  7026 | D:7      | Found a sparkling altar of Nemelex Xobeh.
  7150 | D:7      | Reached ** piety under Makhleb
  7393 | D:7      | Found a basalt altar of Yredelemnul.
  7999 | D:7      | Reached skill level 8 in Polearms
  8010 | D:7      | Reached skill level 5 in Invocations
  8425 | D:8      | Found Neuxoegh's Gadget Shop.
  8597 | D:8      | Found a staircase to the Lair.
  8667 | D:8      | Found Jexeqas's Gadget Boutique.
  8813 | D:8      | Found Suapni's Gadget Shoppe.
  8880 | D:8      | Noticed a gargoyle
  8894 | D:8      | Found Bagup's Armour Boutique.
  8909 | D:8      | Found Weitudey's Gadget Shop.
  8910 | D:8      | Found a flagged portal.
  8917 | Bailey   | Entered a bailey
  9111 | Bailey   | Noticed an orc knight
  9122 | Bailey   | Killed an orc knight
  9122 | Bailey   | Reached XP level 10. HP: 64/64 MP: 14/14
  9195 | Bailey   | Reached skill level 9 in Polearms
  9201 | Bailey   | Reached *** piety under Makhleb
  9342 | Bailey   | Identified Nexaomm's Tome of Changing and Toxins
  9610 | D:8      | Found a hazy altar of Hepliaklqana.
  9778 | D:8      | Killed a gargoyle
 10015 | D:8      | Bought a +0 cloak for 54 gold pieces
 10511 | D:9      | Noticed a two-headed ogre
 10519 | D:9      | Killed a two-headed ogre
 10569 | D:9      | Found a staircase to the Orcish Mines.
 10618 | D:9      | Found a roughly hewn altar of Beogh.
 10645 | D:9      | Reached **** piety under Makhleb
 10716 | D:9      | Reached XP level 11. HP: 69/69 MP: 16/16
 10831 | D:9      | Reached skill level 10 in Polearms
 11227 | D:10     | Entered Level 10 of the Dungeon
 11257 | D:10     | Noticed Erolcha
 11259 | D:10     | Noticed a two-headed ogre
 11277 | D:10     | Killed Erolcha
 11278 | D:10     | Killed a two-headed ogre
 11664 | D:10     | Reached skill level 11 in Polearms
 11707 | D:10     | Noticed Josephine
 11724 | D:10     | Killed Josephine
 11724 | D:10     | Reached skill level 10 in Armour
 11736 | D:10     | Reached XP level 12. HP: 77/77 MP: 8/18
 11903 | D:10     | Reached skill level 10 in Fighting
 12053 | Lair:1   | Entered Level 1 of the Lair of Beasts
 12056 | Lair:1   | Noticed Harold
 12070 | Lair:1   | Killed Harold
 12613 | Lair:1   | Noticed a five-headed hydra
 12630 | Lair:1   | Killed a five-headed hydra
 13330 | Lair:2   | Reached skill level 12 in Polearms
 13349 | Lair:2   | Noticed a seven-headed hydra
 13355 | Lair:2   | Killed a seven-headed hydra
 13545 | Lair:2   | Noticed an eight-headed hydra
 13555 | Lair:2   | Killed an eight-headed hydra
 13582 | Lair:2   | Found a staircase to the Snake Pit.
 14106 | Lair:3   | Reached XP level 13. HP: 84/84 MP: 20/20
 14235 | Lair:3   | Reached skill level 1 in Dodging
 14276 | Lair:3   | Found a staircase to the Shoals.
 14283 | Lair:3   | Noticed kaze's ghost (journeyman MiFi)
 14345 | Lair:3   | Reached skill level 10 in Invocations
 14626 | Lair:3   | Killed kaze's ghost
 15518 | Lair:4   | Reached skill level 13 in Polearms
 16018 | Lair:4   | Reached ***** piety under Makhleb
 16795 | Lair:5   | Gained mutation: Your large and strong wings let you fly indefinitely. [Gargoyle growth]
 16795 | Lair:5   | Reached XP level 14. HP: 91/91 MP: 22/22
 16835 | Lair:5   | Found a staircase to the Slime Pits.
 17069 | Lair:6   | Entered Level 6 of the Lair of Beasts
 17070 | Lair:6   | Identified a scroll of acquirement
 18161 | Lair:6   | Reached skill level 14 in Polearms
 18707 | Lair:6   | Reached skill level 5 in Dodging
 19541 | D:11     | Noticed Erica
 19548 | D:11     | Killed Erica
 19694 | D:11     | Reached XP level 15. HP: 97/97 MP: 22/24
 20039 | D:11     | Found Byebiyc's Antique Armour Shop.
 20137 | D:11     | Noticed Fannar
 20264 | D:11     | Killed Fannar
 20698 | Orc:1    | Entered Level 1 of the Orcish Mines
 21658 | Orc:1    | Noticed an orc warlord
 21679 | Orc:1    | Slain by an orc warrior

Skill      XL: |  1  2  3  4  5  6  7  8  9 10 11 12 13 14 15 |
---------------+----------------------------------------------+-----
Polearms       | 2 3 4 5 7 8 9 11 12 13 14 | 14.9
Armour         | 4 5 6 8 10 11 12 13 | 13.0
Fighting       | 4 5 6 7 8 9 11 12 13 | 13.1
Invocations    | 1 3 5 7 8 9 10 12 | 12.3
Dodging        | 3 5 |  5.6
Shields        | |  3.2

Action                   |  1- 3 |  4- 6 |  7- 9 | 10-12 | 13-15 || total
-------------------------+-------+-------+-------+-------+-------++-------
Melee: Trident           |    53 |       |       |   485 |   563 ||  1101
       Halberd           |    74 |   248 |   468 |   279 |       ||  1069
       Glaive            |       |       |       |       |   508 ||   508
Invok: Minor Destruction |       |       |    18 |       |     2 ||    20
       Lesser Servant of |       |       |       |     7 |    25 ||    32
  Use: Potion            |     1 |     6 |     4 |     3 |     2 ||    16
       Scroll            |     2 |       |    13 |     5 |    17 ||    37
 Stab: Invisible         |       |       |       |     6 |       ||     6
       Distracted        |       |       |       |     1 |     5 ||     6
  Eat: Chunk             |     1 |     9 |    13 |    17 |    33 ||    73
       Meat ration       |       |       |     1 |       |       ||     1
       Fruit             |       |       |       |       |     1 ||     1
Armor: Scale mail        |    52 |   136 |   213 |   208 |       ||   609
       Skin              |     3 |       |       |       |       ||     3
       Ring mail         |       |       |       |    71 |    46 ||   117
       Plate armour      |       |       |       |       |   588 ||   588
Dodge: Dodged            |    38 |   120 |   309 |   348 |   538 ||  1353
Block: Shield            |    21 |       |       |       |       ||    21
